PAAA
PHOENIX HOTSPUR RESERVES @ THOMASVILLE LOOKOUTS
08/24/2018
 
TOP OF THE 1ST
Phoenix Hotspur Reserves batting - Pitching for Thomasville Lookouts : RHP Manny Caraballo
Pitching: RHP Manny Caraballo
Batting: RHB Phil Terry 0-0: Called Strike
0-1: Called Strike
0-2: Strikes out swinging
Batting: RHB Paul Campbell 0-0: Called Strike
0-1: Foul Ball, location: 2F
0-2: SINGLE (Groundball, 6MD)
Batting: LHB Jorge Tamayo 0-0: Called Strike
0-1: Foul Ball, location: 2F
0-2: Strikes out swinging
Batting: RHB Jaime Chavarriaga 0-0: Ball
1-0: Ball
2-0: Ground out 4-3 (Groundball, 4)
Top of the 1st over - 0 run(s), 1 hit(s), 0 error(s), 1 left on base; Phoenix 0 - Thomasville 0
BOTTOM OF THE 1ST
Thomasville Lookouts batting - Pitching for Phoenix Hotspur Reserves : RHP Clifford Turner
Pitching: RHP Clifford Turner
Batting: LHB Chris West 0-0: Foul Ball, location: 2F
0-1: Foul Ball, location: 2F
0-2: Ball
1-2: Foul Ball, location: 2F
1-2: Ball
2-2: Foul Ball, location: 2F
2-2: DOUBLE (Line Drive, 9M)
Batting: RHB Keith Best 0-0: Ball
1-0: Ball
2-0: Foul Ball, location: 2F
2-1: Ball
3-1: Foul Ball, location: 2F
3-2: Foul Ball, location: 2F
3-2: Base on Balls
Batting: RHB Chi-ju Zhang 0-0: Ball
1-0: Foul Ball, location: 2F
1-1: Foul Ball, location: 2F
1-2: Fly out, F4 (Popup, 4D)
Batting: LHB Héctor Cortéz 0-0: Ball
1-0: Called Strike
1-1: Swinging Strike
1-2: SINGLE (Groundball, 34) (infield hit)
Chris West to third
Keith Best to second
Batting: SHB Jared Jefferson 0-0: Ball
1-0: Fly out, F3 (Popup, 34)
Batting: SHB Dave Orchard 0-0: Ball
1-0: Foul Ball, location: 2F
1-1: Ball
2-1: Ball
3-1: Base on Balls
Chris West scores
Keith Best to third
Héctor Cortéz to second
Batting: SHB Gustavo Fuentes 0-0: SINGLE (Flyball, 8RS)
Keith Best scores
Héctor Cortéz to third
Dave Orchard to second
Runner from 3rd tries for Home, SAFE, throw made home
Dave Orchard to third
Gustavo Fuentes to second
Batting: RHB Andrés Rodríguez 0-0: Foul Ball, location: 2F
0-1: Ball
1-1: Foul Ball, location: 2F
1-2: Strikes out swinging
Bottom of the 1st over - 3 run(s), 3 hit(s), 0 error(s), 2 left on base; Phoenix 0 - Thomasville 3
TOP OF THE 2ND
Phoenix Hotspur Reserves batting - Pitching for Thomasville Lookouts : RHP Manny Caraballo
Batting: RHB António Ramos 0-0: Ball
1-0: Foul Ball, location: 2F
1-1: Foul Ball, location: 2F
1-2: SINGLE (Groundball, 56)
Batting: RHB Reed Hanson 0-0: Ball
1-0: Fly out, F7 (Popup, 7S)
Batting: RHB Greg Griffin 0-0: Ball
Wild Pitch!
António Ramos to second
1-0: Ball
2-0: SINGLE (Groundball, 13) (infield hit)
António Ramos to third
Batting: RHB António Rodríguez 0-0: Called Strike
0-1: Ball
1-1: Swinging Strike
1-2: Ball
2-2: Strikes out swinging
Batting: LHB Chad Campbell 0-0: Called Strike
0-1: Swinging Strike
0-2: Ball
1-2: Fly out, F6 (Popup, 6D)
Top of the 2nd over - 0 run(s), 2 hit(s), 0 error(s), 2 left on base; Phoenix 0 - Thomasville 3
BOTTOM OF THE 2ND
Thomasville Lookouts batting - Pitching for Phoenix Hotspur Reserves : RHP Clifford Turner
Batting: SHB Adrián Pueblo 0-0: Ball
1-0: Ball
2-0: Ball
3-0: Called Strike
3-1: Called Strike
3-2: Fly out, F8 (Flyball, 8RM)
Batting: LHB Chris West 0-0: Ball
1-0: Foul Ball, location: 2F
1-1: Called Strike
1-2: Ball
2-2: Foul Ball, location: 2F
2-2: Ball
3-2: Foul Ball, location: 2F
3-2: SOLO HOME RUN (Flyball, 7LD), Distance : 358 ft
Batting: RHB Keith Best 0-0: Called Strike
0-1: Ball
1-1: Swinging Strike
1-2: Strikes out swinging
Batting: RHB Chi-ju Zhang 0-0: Ball
1-0: Ball
2-0: Called Strike
2-1: Foul Ball, location: 2F
2-2: Ball
3-2: Foul Ball, location: 2F
3-2: SINGLE (Groundball, 5D)
Batting: LHB Héctor Cortéz 0-0: Ball
1-0: Ball
2-0: Ball
3-0: Called Strike
3-1: Foul Ball, location: 2F
3-2: Ground out 5-3 (Groundball, 15S)
Bottom of the 2nd over - 1 run(s), 2 hit(s), 0 error(s), 1 left on base; Phoenix 0 - Thomasville 4
TOP OF THE 3RD
Phoenix Hotspur Reserves batting - Pitching for Thomasville Lookouts : RHP Manny Caraballo
Batting: RHB Phil Terry 0-0: Called Strike
0-1: Ball
1-1: Ground out 5-3 (Groundball, 56)
Batting: RHB Paul Campbell 0-0: Ball
1-0: Called Strike
1-1: Ball
2-1: Ground out 6-3 (Groundball, 6M)
Batting: LHB Jorge Tamayo 0-0: Ball
1-0: SINGLE (Groundball, 2L) (infield hit)
Batting: RHB Jaime Chavarriaga 0-0: Foul Ball, location: 2F
0-1: Ball
1-1: Ball
2-1: Fly out, F7 (Flyball, 7LM)
Top of the 3rd over - 0 run(s), 1 hit(s), 0 error(s), 1 left on base; Phoenix 0 - Thomasville 4
BOTTOM OF THE 3RD
Thomasville Lookouts batting - Pitching for Phoenix Hotspur Reserves : RHP Clifford Turner
Batting: SHB Jared Jefferson 0-0: TRIPLE (Line Drive, 89M)
Batting: SHB Dave Orchard 0-0: Reached on error, E5 (Groundball, 56)
Jared Jefferson scores
Pitching: RHP Chris Schaefer
Batting: SHB Gustavo Fuentes 0-0: Called Strike
0-1: Ball
1-1: Fly out, F6 (Popup, 6MD)
Batting: RHB Andrés Rodríguez 0-0: Ball
1-0: Foul Ball, location: 2F
1-1: Called Strike
1-2: Strikes out swinging
Batting: SHB Adrián Pueblo 0-0: Called Strike
0-1: DOUBLE (Flyball, 78S)
Dave Orchard to third
Runner from 3rd tries for Home, SAFE, no throw or cutoff
Batting: LHB Chris West 0-0: Ball
1-0: Called Strike
1-1: Fly out, F6 (Popup, 56D)
Bottom of the 3rd over - 2 run(s), 2 hit(s), 1 error(s), 1 left on base; Phoenix 0 - Thomasville 6
TOP OF THE 4TH
Phoenix Hotspur Reserves batting - Pitching for Thomasville Lookouts : RHP Manny Caraballo
Batting: RHB António Ramos 0-0: Ball
1-0: Ball
2-0: SINGLE (Line Drive, 78M)
Batting: RHB Reed Hanson 0-0: Ball
1-0: Ball
2-0: Ball
3-0: Called Strike
3-1: Base on Balls
António Ramos to second
Batting: RHB Greg Griffin 0-0: Fly out, F8 (Popup, 4D)
Batting: RHB António Rodríguez 0-0: Ball
1-0: Called Strike
1-1: DOUBLE (Line Drive, 7D)
António Ramos scores
Reed Hanson to third
Batting: LHB Chad Campbell 0-0: Foul Ball, location: 2F
0-1: Foul Ball, location: 2F
0-2: Fly out, F3 (Popup, 34)
Batting: RHB Phil Terry 0-0: Ball
1-0: Fly out, F8 (Flyball, 8LM)
Top of the 4th over - 1 run(s), 2 hit(s), 0 error(s), 2 left on base; Phoenix 1 - Thomasville 6
BOTTOM OF THE 4TH
Thomasville Lookouts batting - Pitching for Phoenix Hotspur Reserves : RHP Chris Schaefer
Batting: RHB Keith Best 0-0: Foul Ball, location: 2F
0-1: Ball
1-1: Foul Ball, location: 2F
1-2: Ball
2-2: Ball
3-2: Ground out 5-3 (Groundball, 5S)
Batting: RHB Chi-ju Zhang 0-0: Ball
1-0: Called Strike
1-1: Ball
2-1: Ball
3-1: Foul Ball, location: 2F
3-2: SINGLE (Line Drive, 34)
Batting: LHB Héctor Cortéz 0-0: Called Strike
0-1: Ball
1-1: Ball
2-1: SINGLE (Groundball, 56D) (infield hit)
Chi-ju Zhang to second
Batting: SHB Jared Jefferson 0-0: Foul Ball, location: 2F
0-1: Ball
1-1: TRIPLE (Line Drive, 9LS)
Chi-ju Zhang scores
Héctor Cortéz scores
Pitching: RHP Jim Unknown
Batting: SHB Dave Orchard 0-0: Ball
1-0: Foul Ball, location: 2F
1-1: Fly out, F8 (Flyball, 8RM)
Runner from 3rd tags up, SCORES, no throw
Batting: SHB Gustavo Fuentes 0-0: Ball
1-0: Ball
2-0: Called Strike
2-1: Ball
3-1: Foul Ball, location: 2F
3-2: Foul Ball, location: 2F
3-2: Base on Balls
Batting: RHB Andrés Rodríguez 0-0: Called Strike
0-1: Ball
1-1: Ball
2-1: Fly out, F7 (Flyball, 78M)
Bottom of the 4th over - 3 run(s), 3 hit(s), 0 error(s), 1 left on base; Phoenix 1 - Thomasville 9
TOP OF THE 5TH
Phoenix Hotspur Reserves batting - Pitching for Thomasville Lookouts : RHP Manny Caraballo
Batting: RHB Paul Campbell 0-0: Ball
1-0: Fly out, F6 (Line Drive, 6)
Batting: LHB Jorge Tamayo 0-0: Ball
1-0: Called Strike
1-1: Ground out 6-3 (Groundball, 56)
Batting: RHB Jaime Chavarriaga 0-0: Ball
1-0: Ball
2-0: Ball
3-0: Called Strike
3-1: Base on Balls
Batting: RHB António Ramos 0-0: SINGLE (Line Drive, 6MD)
Jaime Chavarriaga to second
Batting: RHB Reed Hanson 0-0: Called Strike
0-1: Ball
1-1: Foul Ball, location: 2F
1-2: Ball
2-2: Foul Ball, location: 2F
2-2: Foul Ball, location: 2F
2-2: Strikes out swinging
Top of the 5th over - 0 run(s), 1 hit(s), 0 error(s), 2 left on base; Phoenix 1 - Thomasville 9
BOTTOM OF THE 5TH
Thomasville Lookouts batting - Pitching for Phoenix Hotspur Reserves : RHP Jim Unknown
Batting: SHB Adrián Pueblo 0-0: Fly out, F6 (Line Drive, 56D)
Batting: LHB Chris West 0-0: Ball
1-0: Foul Ball, location: 2F
1-1: Ball
2-1: Foul Ball, location: 2F
2-2: Strikes out looking
Batting: RHB Keith Best 0-0: Ball
1-0: Ball
2-0: Ball
3-0: Called Strike
3-1: Base on Balls
Batting: RHB Chi-ju Zhang 0-0: Reached on error, E6 (Groundball, 6)
Keith Best to second
Batting: LHB Héctor Cortéz 0-0: Foul Ball, location: 2F
0-1: Ball
1-1: Ball
2-1: Ball
3-1: Base on Balls
Keith Best to third
Chi-ju Zhang to second
Batting: SHB Jared Jefferson 0-0: Ball
1-0: Ball
2-0: Ball
3-0: Called Strike
3-1: SINGLE (Groundball, 4MD)
Keith Best scores
Chi-ju Zhang to third
Héctor Cortéz to second
Runner from 3rd tries for Home, SAFE, no throw or cutoff
Batting: SHB Dave Orchard 0-0: DOUBLE (Popup, 5D)
Héctor Cortéz scores
Jared Jefferson to third
Pitching: RHP Miguel Angel Liñares
Batting: SHB Gustavo Fuentes 0-0: Called Strike
0-1: Fly out, F8 (Popup, 4MD)
Bottom of the 5th over - 3 run(s), 2 hit(s), 1 error(s), 2 left on base; Phoenix 1 - Thomasville 12
TOP OF THE 6TH
Phoenix Hotspur Reserves batting - Pitching for Thomasville Lookouts : RHP Manny Caraballo
Batting: RHB Greg Griffin 0-0: Called Strike
0-1: Ball
1-1: Fly out, F3 (Popup, 3DF)
Batting: RHB António Rodríguez 0-0: Swinging Strike
0-1: DOUBLE (Line Drive, 7LD)
Batting: LHB Chad Campbell 0-0: SINGLE (Line Drive, 78M)
António Rodríguez to third
Batting: RHB Phil Terry 0-0: Fly out, F9 (Line Drive, 89M)
Runner from 3rd tags up, OUT at HOME
Top of the 6th over - 0 run(s), 2 hit(s), 0 error(s), 1 left on base; Phoenix 1 - Thomasville 12
BOTTOM OF THE 6TH
Thomasville Lookouts batting - Pitching for Phoenix Hotspur Reserves : RHP Miguel Angel Liñares
Batting: RHB Andrés Rodríguez 0-0: Ball
1-0: Called Strike
1-1: Ball
2-1: Ball
3-1: Base on Balls
Batting: SHB Adrián Pueblo 0-0: Swinging Strike
0-1: Called Strike
0-2: Strikes out looking
Batting: LHB Chris West 0-0: Ball
1-0: Ball
2-0: Foul Ball, location: 2F
2-1: Called Strike
Andrés Rodríguez steals 2nd base
2-2: Foul Ball, location: 2F
2-2: Ball
3-2: Foul Ball, location: 2F
3-2: TRIPLE (Flyball, 89M)
Andrés Rodríguez scores
Batting: RHB Keith Best 0-0: Called Strike
0-1: Foul Ball, location: 2F
0-2: Ball
1-2: Ball
2-2: Foul Ball, location: 2F
2-2: Fly out, F3 (Popup, 3F)
Pinch Hitting: RHB Jim Unknown 0-0: Called Strike
0-1: Ball
1-1: 2-RUN HOME RUN (Flyball, 78XD), Distance : 390 ft
Pitching: RHP Rafael Clemente
Batting: LHB Héctor Cortéz 0-0: Ball
1-0: Ball
2-0: Ball
3-0: Called Strike
3-1: Fly out, F7 (Flyball, 7M)
Bottom of the 6th over - 3 run(s), 2 hit(s), 0 error(s), 0 left on base; Phoenix 1 - Thomasville 15
TOP OF THE 7TH
Phoenix Hotspur Reserves batting - Pitching for Thomasville Lookouts : RHP Manny Caraballo
Now at 1B: Jim Unknown
Now at 2B: Artie Hemming
Now at 3B: Brent Burgess
Batting: RHB Paul Campbell 0-0: Fly out, F6 (Popup, 6D)
Batting: LHB Jorge Tamayo 0-0: Fly out, F9 (Flyball, 9D)
Batting: RHB Jaime Chavarriaga 0-0: Fly out, F9 (Flyball, 9M)
Top of the 7th over - 0 run(s), 0 hit(s), 0 error(s), 0 left on base; Phoenix 1 - Thomasville 15
BOTTOM OF THE 7TH
Thomasville Lookouts batting - Pitching for Phoenix Hotspur Reserves : RHP Rafael Clemente
Batting: SHB Jared Jefferson 0-0: Ball
1-0: Ball
2-0: Ball
3-0: Called Strike
3-1: Foul Ball, location: 2F
3-2: SINGLE (Groundball, 5D)
Batting: SHB Dave Orchard 0-0: Fly out, F5 (Popup, 5DF)
Batting: SHB Gustavo Fuentes 0-0: Ball
Jared Jefferson steals 2nd base
1-0: Called Strike
Jared Jefferson steals 3rd base
1-1: Swinging Strike
1-2: Ball
2-2: Foul Ball, location: 2F
2-2: Ball
3-2: Strikes out swinging
Batting: SHB Artie Hemming 0-0: Ball
1-0: Ball
2-0: Fly out, F9 (Popup, 34D)
Bottom of the 7th over - 0 run(s), 1 hit(s), 0 error(s), 1 left on base; Phoenix 1 - Thomasville 15
TOP OF THE 8TH
Phoenix Hotspur Reserves batting - Pitching for Thomasville Lookouts : RHP Manny Caraballo
Batting: RHB António Ramos 0-0: Ball
1-0: Ball
2-0: Ball
3-0: Called Strike
3-1: Swinging Strike
3-2: Ground out 4-3 (Groundball, 4)
Pitching: LHP Howard Ventura
Batting: RHB Reed Hanson 0-0: Ball
1-0: Fly out, F5 (Popup, 5SF)
Batting: RHB Greg Griffin 0-0: Swinging Strike
0-1: Ball
1-1: Ball
2-1: Foul Ball, location: 2F
2-2: Fly out, F7 (Flyball, 7M)
Top of the 8th over - 0 run(s), 0 hit(s), 0 error(s), 0 left on base; Phoenix 1 - Thomasville 15
BOTTOM OF THE 8TH
Thomasville Lookouts batting - Pitching for Phoenix Hotspur Reserves : RHP Rafael Clemente
Batting: SHB Adrián Pueblo 0-0: SINGLE (Line Drive, 34D)
Batting: RHB Brent Burgess 0-0: Called Strike
0-1: Ball
1-1: Ball
2-1: Ball
3-1: Foul Ball, location: 2F
3-2: Strikes out swinging
Batting: RHB Keith Best 0-0: Fly out, F8 (Flyball, 8LM)
0-0: Fly out, F8 (Flyball, 8LM)
Batting: RHB Jim Unknown 0-0: Ground out 2-3 (Groundball, 2R)
Bottom of the 8th over - 0 run(s), 1 hit(s), 0 error(s), 1 left on base; Phoenix 1 - Thomasville 15
TOP OF THE 9TH
Phoenix Hotspur Reserves batting - Pitching for Thomasville Lookouts : LHP Howard Ventura
Batting: RHB António Rodríguez 0-0: Called Strike
0-1: Called Strike
0-2: Fly out, F7 (Flyball, 78M)
Batting: LHB Chad Campbell 0-0: SINGLE (Groundball, 34D)
Batting: RHB Phil Terry 0-0: Ball
1-0: Foul Ball, location: 2F
1-1: Called Strike
1-2: Foul Ball, location: 2F
1-2: Foul Ball, location: 2F
1-2: Grounds into double play, U4-3 (Groundball, 4)
Top of the 9th over - 0 run(s), 1 hit(s), 0 error(s), 0 left on base; Phoenix 1 - Thomasville 15
This league is powered by Out of the Park Baseball, the baseball management simulation game for PC, Mac and Linux
Monday, May 4th, 2015 - OOTP Baseball 15.6 Build 34